 Dungeon Crawl Stone Soup version 0.28-a0-1206-g193881aaa2 (webtiles) character file.

Game seed: 9258685917252701106

788 halfoni the Chopper (level 8, -1/91 HPs)
             Began as a Human Berserker on Dec 21, 2021.
             Was a Believer of Trog.
             Slain by an ogre (19 damage)
             ... on level 6 of the Dungeon.
             The game lasted 00:08:15 (6647 turns).

halfoni the Chopper (Human Berserker)               Turns: 6647, Time: 00:08:16

Health: -1/91      AC:  9    Str: 20    XL:     8   Next: 12%
Magic:  8/8        EV:  9    Int:  7    God:    Trog [**....]
Gold:   291        SH:  7    Dex: 13    Spells: 7/7 levels left

rFire   + . .      SeeInvis +   a - +0 hand axe
rCold   + . .      Faith    .   r - +0 kite shield
rNeg    . . .      Spirit   .   p - +3 ring mail of an ossuary {rElec rCorr SInv}
rPois   .          Reflect  .   (no helmet)
rElec   +          Harm     .   i - scarf {rC+ rF+}
rCorr   +          Rampage  .   (no gloves)
Will    +....                   (no boots)
Stlth   ..........              (no amulet)
HPRegen 0.25/turn               e - ring of willpower
MPRegen 0.11/turn               (no ring)

@: berserking, very quick
A: no striking features
a: Renounce Religion, Berserk, Trog's Hand


You were on level 6 of the Dungeon.
You worshipped Trog.
Trog was pleased with you.
You visited 1 branch of the dungeon, and saw 6 of its levels.

You collected 291 gold pieces.

Inventory:

Hand Weapons
 a - a +0 hand axe (weapon)
Armour
 i - a scarf of resistance (worn)
 p - the +3 ring mail of an ossuary (worn) {rElec rCorr SInv}
   (You found it on level 4 of the Dungeon)

   rElec:     It insulates you from electricity.
   SInv:      It lets you see invisible.
   rCorr:     It protects you from acid and corrosion.
 r - a +0 kite shield (worn)
Jewellery
 e - a ring of willpower (left hand)
 k - a ring of ice
Scrolls
 b - 4 scrolls of identify {unknown}
 c - a scroll of teleportation {unknown}
 g - 2 scrolls of brand weapon {unknown}
 l - a scroll of enchant armour {unknown}
 m - a scroll of immolation {unknown}
 o - a scroll of fog {unknown}
Potions
 d - 2 potions of lignification {unknown}
 f - 2 potions of curing {unknown}
 h - 3 potions of heal wounds {unknown}
 j - a potion of haste {unknown}
 n - 2 potions of flight {unknown}
 q - a potion of attraction {unknown}


   Skills:
 + Level 4.7 Fighting
 + Level 6.1 Axes
 + Level 4.6 Armour
 + Level 3.3 Dodging
 * Level 1.6 Shields


You had 7 spell levels left.
You didn't know any spells.
Your spell library was empty.

Dungeon Overview and Level Annotations

Branches:
Dungeon (5/15)
 Temple: D:4-7

Altars:


Message History

You feel yourself speed up.
You start resting.
You recover from your berserk rage.
You start resting.
You start resting.
HP restored.
Things that are here:
a +0 dagger of speed; a +0 whip; 4 stones
Things that are here:
a +0 dagger; a curare-tipped dart
Things that are here:
a +0 dagger; a +0 robe; an orc skeleton
f - 2 bubbling golden potions (gained 1)
Things that are here:
a +0 whip; a +0 leather armour
n - 2 glowing cyan potions (gained 1)
Things that are here:
a +0 dagger; a +0 robe; an orc skeleton
Things that are here:
a +0 short sword; a +0 chain mail; an orc skeleton
Found 23 bolts.
An ogre comes into view. It is wielding a +0 giant spiked club.
The ogre hits you with a +0 giant spiked club!!
You hit the ogre.
The ogre is lightly wounded.
The ogre hits you with a +0 giant spiked club.
A red film seems to cover your vision as you go berserk!
You feel yourself moving faster!
You feel mighty!
The ogre hits you with a +0 giant spiked club!!
* * * LOW HITPOINT WARNING * * *
You slash the ogre!
The ogre is heavily wounded.
The ogre hits you with a +0 giant spiked club.
* * * LOW HITPOINT WARNING * * *
You slash the ogre!
The ogre is almost dead.
You barely miss the ogre.
The ogre is almost dead.
The ogre hits you with a +0 giant spiked club!!
You die...

... ##....## ....
.....##......# ....
.............#.....
..... #...... .....
..##...##....# ......
....#....(..###......
#............#.......
.............@O......
..........#..........
..........###.#.##...
.........## ###.# .
........#### #
........)).#
#.##..#.).)##
........).).#
.....#....###


You could see an ogre.

Vanquished Creatures
  A water moccasin (D:4)
  A black bear (D:4)
  A kobold brigand (D:6)
  A scorpion (D:4)
  A bullfrog zombie (D:6)
  2 hounds (D:6)
  A gnoll shaman (D:4)
  2 orc priests
  2 orc wizards (D:6)
  A hound skeleton (D:5)
  3 gnolls (D:4)
  7 adders
  An adder skeleton (D:3)
  2 worms (D:3)
  3 dart slugs
  13 orcs
  5 ball pythons
  10 bats
  12 endoplasms
  3 giant cockroaches
  9 goblins
  9 hobgoblins
  3 jackals (D:1)
  8 kobolds
  2 quokkas
  A frilled lizard (D:1)
  10 rats (D:1)
114 creatures vanquished.

Notes
Turn   | Place    | Note
-------+----------+-------------------------------------------
     0 | D:1      | halfoni the Human Berserker began the quest for the Orb.
     0 | D:1      | Reached XP level 1. HP: 18/18 MP: 1/1
   104 | D:1      | Reached XP level 2. HP: 17/24 MP: 2/2
   393 | D:1      | Reached XP level 3. HP: 29/29 MP: 3/3
  1014 | D:1      | Reached ** piety under Trog
  1407 | D:2      | Found a faded altar of an unknown god.
  1445 | D:2      | Reached XP level 4. HP: 26/35 MP: 4/4
  2020 | D:2      | Reached skill level 4 in Axes
  3369 | D:3      | Reached XP level 5. HP: 42/42 MP: 5/5
  4449 | D:4      | Reached XP level 6. HP: 43/48 MP: 6/6
  4596 | D:4      | Noticed a black bear
  4648 | D:5      | Entered Level 5 of the Dungeon
  4652 | D:5      | HP: 2/48 [orc (5)]
  4948 | D:4      | Killed a black bear
  4949 | D:4      | Reached skill level 5 in Axes
  5030 | D:4      | Reached XP level 7. HP: 21/54 MP: 7/7
  5038 | D:4      | HP: 2/54 [poisoned by a scorpion]
  5228 | D:4      | Noticed a water moccasin
  5238 | D:4      | Killed a water moccasin
  5838 | D:4      | Identified the +3 ring mail of an ossuary {rElec rCorr
                  | SInv}
  6167 | D:5      | You fall into a shaft and drop 1 floor!
  6208 | D:6      | Reached skill level 1 in Shields
  6220 | D:6      | Reached skill level 6 in Axes
  6220 | D:6      | Reached XP level 8. HP: 61/61 MP: 8/8
  6647 | D:6      | Slain by an ogre

Illustrated notes

Levels and vault maps discovered:
D:1:      elethiomel_arrival_quiet, layout_basic, kennysheep_pointless_box,
          minmay_strange_pillars, minmay_rat_gold_closets
D:2:      layout_loops_cross, nicolae_ecumenical_pavilion, nrook_mini_vaults
D:3:      wad_river_or_something, layout_rooms, minmay_misc_feat_enclosed
D:4:      layout_rooms
D:5:      layout_cave_pods, uniq_crazy_yiuf_cottage
D:6:      layout_cave_pools, minitemple

Skill      XL: |  1  2  3  4  5  6  7 |
---------------+----------------------+-----
Axes           | 4 5 6 |  6.1
Armour         | 3 4 |  4.6
Fighting       | 4 |  4.7
Dodging        | 3 |  3.3
Shields        | 1 |  1.6

Action                   |  1- 3 |  4- 6 |  7- 9 || total
-------------------------+-------+-------+-------++-------
Melee: Hand axe          |    85 |   198 |   115 ||   398
Invok: Berserk           |     1 |     7 |     6 ||    14
Armor: Animal skin       |     5 |       |       ||     5
       Ring mail         |    31 |    30 |    51 ||   112
       Scale mail        |       |    42 |    18 ||    60
Dodge: Dodged            |    42 |   106 |    66 ||   214
Block: Kite shield       |       |       |    39 ||    39

Table legend: (Time is in decaauts)
 A = Elapsed time spent in this place.
 B = Non-inter-level travel time spent in this place.
 C = Inter-level travel time spent in this place.
 D = Time resting spent in this place.
 E = Time spent auto-exploring this place.
 F = Levels seen in this place.
 G = Mean time per level.
                   A        B        C        D        E       F      G
               +--------+--------+--------+--------+--------+-----+--------+
         Total |   6819 |   6814 |      5 |   2786 |   2797 |   6 | 1136.5 |
       Dungeon |   6819 |   6814 |      5 |   2786 |   2797 |   6 | 1136.5 |
               +--------+--------+--------+--------+--------+-----+--------+

Top non-repeatable levels by time:
     D:3: 1825 daAuts
     D:4: 1438 daAuts
     D:1: 1428 daAuts
     D:2: 1178 daAuts
     D:6: 513 daAuts
     D:5: 434 daAuts
